 Dungeon Crawl Stone Soup version 0.26-a0-639-g72c4674329 (webtiles) character file.

Game seed: 14415018425315653422

81 Colgate the Caller (level 4, -11/32 HPs)
             Began as a Gnoll Summoner on Sept 17, 2020.
             Engulfed by a cloud of flame (13 damage)
             ... on level 2 of the Dungeon.
             The game lasted 00:10:16 (1713 turns).

Colgate the Caller (Gnoll Summoner)                 Turns: 1713, Time: 00:10:16

Health: -11/32     AC: 11    Str: 10    XL:     4   Next: 40%
Magic:  11/11      EV: 12    Int: 25    God:
Gold:   93         SH:  0    Dex: 15    Spells: 7/13 levels left

rFire    . . .     SeeInvis .   h - +2 dagger (venom)
rCold    . . .     Faith    .   (no shield)
rNeg     . . .     Spirit   .   e - +0 ring mail
rPois    .         Reflect  .   (no helmet)
rElec    .         Harm     .   u - +0 cloak
rCorr    .         Rampage  .   (no gloves)
MR       .....                  d - +0 pair of boots
Stlth    ++........             (no amulet)
HPRegen  0.10/turn              q - +4 ring of protection
MPRegen  0.12/turn              v - +6 ring of intelligence

@: no status effects
A: distributed training, fangs 1, strong nose
a: no special abilities


You were on level 2 of the Dungeon.
You visited 1 branch of the dungeon, and saw 2 of its levels.

You collected 93 gold pieces.

Inventory:

Hand Weapons
 c - a +0 hand axe
 h - a +2 dagger of venom (weapon)
 i - a +0 short sword
 p - a cursed -2 spear
Missiles
 f - 93 stones
 l - 51 arrows
 n - 26 poisoned darts (quivered)
Armour
 a - a +0 robe
 d - a +0 pair of boots (worn)
 e - a +0 ring mail (worn)
 m - a +0 chain mail
 u - a +0 cloak (worn)
Jewellery
 q - a +4 ring of protection (left hand)
 v - a +6 ring of intelligence (right hand)
Scrolls
 b - a scroll of amnesia {unknown}
 g - 4 scrolls of remove curse {unknown}
 k - 3 scrolls of enchant armour {unknown}
 o - a scroll of random uselessness {unknown}
 w - a scroll of teleportation {unknown}
Potions
 j - a potion of mutation {unknown}
 r - a potion of heal wounds {unknown}
 s - a potion of degeneration {unknown}
 t - a potion of stabbing {unknown}


   Skills:
 + Level 1.1 Fighting
 + Level 1.1 Short Blades
 + Level 1.1 Long Blades
 + Level 1.1 Axes
 + Level 1.1 Maces & Flails
 + Level 1.1 Polearms
 + Level 1.1 Staves
 + Level 1.1 Slings
 + Level 1.1 Bows
 + Level 1.1 Crossbows
 + Level 1.1 Throwing
 + Level 1.1 Armour
 + Level 4.6 Dodging
 + Level 4.2 Stealth
 + Level 1.1 Shields
 + Level 1.1 Unarmed Combat
 + Level 5.1 Spellcasting
 + Level 0.9 Conjurations
 + Level 0.9 Hexes
 + Level 7.1 Summonings
 + Level 0.9 Necromancy
 + Level 0.9 Translocations
 + Level 0.9 Transmutations
 + Level 0.9 Fire Magic
 + Level 0.9 Ice Magic
 + Level 0.9 Air Magic
 + Level 0.9 Earth Magic
 + Level 0.9 Poison Magic
 + Level 1.2 Invocations
 + Level 1.1 Evocations


You had 7 spell levels left.
You knew the following spells:

 Your Spells              Type           Power        Failure   Level
a - Summon Small Mammal   Summ           ####         1%          1
b - Call Imp              Summ           #####...     1%          2
c - Call Canine Familiar  Summ           #####...     3%          3

Your spell library contained the following spells:

 Spells                   Type           Power        Failure   Level
 Summon Guardian Golem    Hex/Summ       ####....     12%         3
 Summon Ice Beast         Ice/Summ       ####....     36%         4
 Summon Lightning Spire   Summ/Air       ####....     36%         4


Dungeon Overview and Level Annotations

Branches:
Dungeon (2/15)

Altars:


Innate Abilities, Weirdness & Mutations

Your experience applies equally to all skills.
You have very sharp teeth.
Your uncanny sense of smell can sniff out nearby items.


Message History

You throw a poisoned dart. The poisoned dart hits the dart slug.
The dart slug looks even sicker.
The dart slug is almost dead.
You kill the dart slug!
n - 24 poisoned darts (gained 1)
You see here a dart slug corpse.
n - 26 poisoned darts (gained 2)
Found 20 sling bullets.
Really walk into a travel-excluded area?
Found 18 gold pieces and a ring mail.
Really walk into that cloud of flame?
Okay, then.
Really walk into that cloud of flame?
Okay, then.
You are engulfed in blazing flames.
Ouch! That really hurt!
You are engulfed in blazing flames.
* * * LOW HITPOINT WARNING * * *
You are engulfed in blazing flames.
You die...

#○§°# #§☼☼#
######...#####.
##
##.°§§.$.[.☼§°..
##.
#..☼§☼...(.☼§§
####.. #..
∆○.:.?.§ .....
#.# #...# #...
#.# #☼@§# #...
#.# #°§○# ##..
#.# #☼§§# #...
#.# #...# #...
#.# #..## ##...
#.# #.## ∆ #....
#.# #.# ###..#.
#.#####.####
.......
#..........#
##..##.


There were no monsters in sight!

Vanquished Creatures
  3 adders (D:2)
  An ooze (D:1)
  2 worms (D:2)
  4 dart slugs
  2 leopard geckos (D:1)
  2 ball pythons (D:2)
  A giant cockroach (D:1)
  5 goblins (D:1)
  A hobgoblin (D:1)
  5 bats
  6 kobolds (D:1)
  6 rats
38 creatures vanquished.

Notes
Turn   | Place    | Note
-------+----------+-------------------------------------------
     0 | D:1      | Colgate the Gnoll Summoner began the quest for the Orb.
     0 | D:1      | Reached XP level 1. HP: 13/13 MP: 6/6
    92 | D:1      | Reached XP level 2. HP: 20/20 MP: 7/7
    96 | D:1      | Learned a level 2 spell: Call Imp
   616 | D:1      | Reached XP level 3. HP: 25/25 MP: 9/9
   621 | D:1      | Learned a level 3 spell: Call Canine Familiar
   654 | D:1      | Reached skill level 5 in Spellcasting
  1110 | D:2      | Reached skill level 1 in Invocations
  1229 | D:2      | Reached skill level 1 in Fighting
  1229 | D:2      | Reached skill level 1 in Short Blades
  1229 | D:2      | Reached skill level 1 in Long Blades
  1229 | D:2      | Reached skill level 1 in Axes
  1229 | D:2      | Reached skill level 1 in Maces & Flails
  1229 | D:2      | Reached skill level 1 in Polearms
  1229 | D:2      | Reached skill level 1 in Staves
  1229 | D:2      | Reached skill level 1 in Slings
  1229 | D:2      | Reached skill level 1 in Bows
  1229 | D:2      | Reached skill level 1 in Crossbows
  1229 | D:2      | Reached skill level 1 in Throwing
  1229 | D:2      | Reached skill level 1 in Armour
  1229 | D:2      | Reached skill level 1 in Shields
  1229 | D:2      | Reached skill level 1 in Unarmed Combat
  1229 | D:2      | Reached skill level 1 in Evocations
  1298 | D:2      | Reached XP level 4. HP: 31/32 MP: 11/11
  1713 | D:2      | Engulfed by a cloud of flame

Illustrated notes

Levels and vault maps discovered:
D:1:      ebering_trefoil_twist, layout_loops_ring
D:2:      layout_rooms, minmay_misc_feat_room, lemuel_flame_loot_1

Skill      XL: |  1  2  3 |
---------------+----------+-----
Spellcasting   | 5 |  5.1
Invocations    | 1 |  1.2
Fighting       | 1 |  1.1
Short Blades   | 1 |  1.1
Long Blades    | 1 |  1.1
Axes           | 1 |  1.1
Maces & Flails | 1 |  1.1
Polearms       | 1 |  1.1
Staves         | 1 |  1.1
Slings         | 1 |  1.1
Bows           | 1 |  1.1
Crossbows      | 1 |  1.1
Throwing       | 1 |  1.1
Armour         | 1 |  1.1
Shields        | 1 |  1.1
Unarmed Combat | 1 |  1.1
Evocations     | 1 |  1.1
Dodging        | |  4.6
Stealth        | |  4.2
Conjurations   | |  0.9
Hexes          | |  0.9
Summonings     | |  7.1
Necromancy     | |  0.9
Translocations | |  0.9
Transmutations | |  0.9
Fire Magic     | |  0.9
Ice Magic      | |  0.9
Air Magic      | |  0.9
Earth Magic    | |  0.9
Poison Magic   | |  0.9

Action                   |  1- 3 |  4- 6 || total
-------------------------+-------+-------++-------
Melee: Hand axe          |    34 |       ||    34
       Bite              |     8 |     3 ||    11
       Dagger            |    41 |    25 ||    66
Throw: Stone             |    21 |       ||    21
       Dart              |    11 |     4 ||    15
 Cast: Summon Small Mamm |     2 |       ||     2
 Stab: Sleeping          |     8 |     2 ||    10
Armor: Robe              |     2 |       ||     2
       Ring mail         |    18 |    10 ||    28
Dodge: Dodged            |    43 |    10 ||    53

Table legend: (Time is in decaauts)
 A = Elapsed time spent in this place.
 B = Non-inter-level travel time spent in this place.
 C = Inter-level travel time spent in this place.
 D = Time resting spent in this place.
 E = Time spent auto-exploring this place.
 F = Levels seen in this place.
 G = Mean time per level.
                   A        B        C        D        E       F      G
               +--------+--------+--------+--------+--------+-----+--------+
         Total |   1718 |   1685 |     33 |      0 |   1200 |   2 |  859.0 |
       Dungeon |   1718 |   1685 |     33 |      0 |   1200 |   2 |  859.0 |
               +--------+--------+--------+--------+--------+-----+--------+

Top non-repeatable levels by time:
     D:1: 1115 daAuts
     D:2: 602 daAuts
